 Dungeon Crawl Stone Soup version 0.32-a0-12-g7fc57aa741 (webtiles) character file.

Game seed: 10949726300298297345

56952 oldriver the Eclecticist (level 14, -9/115 HPs)
             Began as a Demonspawn Fire Elementalist on Jan 15, 2024.
             Mangled by a centaur warrior simulacrum (25 damage)
             ... on level 11 of the Dungeon.
             The game lasted 00:42:37 (25350 turns).

oldriver the Eclecticist (DsFE)                    Turns: 25350, Time: 00:42:39

Health: -9/115     AC: 13    Str:  6    XL:     14   Next: 43%
Magic:  47/51      EV: 17    Int: 21    God:
Gold:   925        SH:  5    Dex: 13    Spells: 17/43 levels left

rFire   + . .        E - staff of cold
rCold   . . .        (no shield)
rNeg    + . .        x - +0 steam dragon scales
rPois   .            C - +2 helmet {SInv}
rElec   .            N - +0 cloak
rCorr   .            (no gloves)
SInv    +            n - +0 pair of boots
Will    ++++.        B - amulet of reflection
Stlth   ++           J - ring "Wunah" {Fire rN+ Will+++ MP+9 Str-3}
HPRegen 0.39/turn    F - ring of magical power
MPRegen 0.32/turn

%: reflection
@: mighty, agile
A: thin metallic scales 2, powered by pain 2, spiny 1, demonic touch 2
a: no special abilities


You were on level 11 of the Dungeon.
You visited 2 branches of the dungeon, and saw 16 of its levels.
You also visited: Sewer.

You collected 1015 gold pieces.
You spent 90 gold pieces at shops.

Inventory:

Hand Weapons
 w - the +1 war axe "Haabio" {elec, rC+ Int+4}
   (You found it on level 4 of the Dungeon)

   Int+4:     It affects your intelligence (+4).
   rC+:       It protects you from cold.
Armour
 n - a +0 pair of boots (worn)
 x - +0 steam dragon scales (worn)
 C - a +2 helmet of see invisible (worn)
 N - a +0 cloak (worn)
Magical Staves
 i - a staff of alchemy
 E - a staff of cold (weapon)
Jewellery
 o - an amulet of the acrobat
 B - an amulet of reflection (around neck)
 F - a ring of magical power (right hand)
 J - the ring "Wunah" (left hand) {Fire rN+ Will+++ MP+9 Str-3}
   (You acquired it on level 8 of the Dungeon)

   [ring of fire]

   Fire:      It enhances your fire magic.
   Str-3:     It affects your strength (-3).
   rF+:       It protects you from fire.
   rC-:       It makes you vulnerable to cold.
   rN+:       It protects you from negative energy.
   Will+++:   It greatly increases your willpower.
   MP+9:      It affects your magic capacity (+9).
Wands
 s - a wand of polymorph (12)
 t - a wand of flame (3)
 A - a wand of paralysis (32)
Scrolls
 a - 3 scrolls of amnesia
 g - 2 scrolls of poison
 p - a scroll of teleportation
 r - 4 scrolls of blinking
 y - 4 scrolls of enchant weapon
 z - 3 scrolls of vulnerability
 D - 3 scrolls of fog
 L - a scroll of fear
 M - a scroll of brand weapon
 O - 2 scrolls of identify
 P - 2 scrolls of noise {unknown}
Potions
 b - 4 potions of magic
 c - 2 potions of ambrosia
 e - 3 potions of haste
 f - a potion of berserk rage
 h - 4 potions of invisibility
 j - 3 potions of degeneration
 k - 3 potions of attraction
 l - 6 potions of mutation
 m - a potion of cancellation
 q - a potion of brilliance {unknown}
 u - a potion of resistance
 v - a potion of lignification
 G - a potion of enlightenment {unknown}
 H - 2 potions of might
 I - 3 potions of curing {unknown}
Miscellaneous
 K - a phial of floods


   Skills:
 + Level 12.1 Fighting
 - Level 1.7 Dodging
 - Level 1.7 Stealth
 + Level 15.0 Spellcasting
 + Level 9.0 Conjurations
 - Level 6.0 Fire Magic
 + Level 9.1 Earth Magic
 - Level 7.0 Alchemy


You had 17 spell levels left.
You knew the following spells:

 Your Spells              Type           Power      Damage    Failure   Level
a - Foxfire               Conj/Fire      100%       2x1d9     1%          1
b - Scorch                Fire           100%       2d9       1%          2
c - Flame Wave            Conj/Fire      63%        2d15      1%          4
d - Bombard               Conj/Erth      26%        9d5       14%         6
l - Lee's Rapid Deconstr  Erth           26%        3d14*     2%          5
o - Olgreb's Toxic Radia  Alch           45%        N/A       2%          4
s - Sticky Flame          Fire/Alch      59%        2d10      2%          4

Your spell library contained the following spells:

 Spells                   Type           Power      Damage    Failure   Level
 Kiss of Death            Conj/Necr      100%       2d13      1%          1
 Sting                    Conj/Alch      100%       1d9       1%          1
 Mercury Vapours          Alch/Air       60%        N/A       1%          2
 Dazzling Flash           Conj/Hex       68%        N/A       1%          3
 Leda's Liquefaction      Alch/Erth      24%        N/A       1%          4
 Cigotuvi's Dreadful Rot  Necr/Alch/Air  50%        N/A       2%          2
 Apportation              Tloc           30%        N/A       3%          1
 Summon Small Mammal      Summ           60%        N/A       3%          1
 Inner Flame              Hex/Fire       42%        N/A       3%          3
 Volatile Blastmotes      Fire/Tloc      84%        2d17      3%          3
 Jinxbite                 Hex            30%        N/A       6%          2
 Alistair's Intoxication  Alch           30%        N/A       6%          5
 Summon Blazeheart Golem  Fire/Summ      42%        N/A       11%         4
 Call Canine Familiar     Summ           15%        N/A       12%         3
 Confusing Touch          Hex            15%        N/A       12%         3
 Tukima's Dance           Hex            15%        N/A       12%         3
 Yara's Violent Unravell  Hex/Alch       15%        3d8       26%         5
 Starburst                Conj/Fire      31%        6d10      26%         6
 Dispel Undead            Necr           15%        3d10      36%         4
 Martyr's Knell           Necr/Summ      15%        N/A       36%         4
 Passage of Golubria      Tloc           15%        N/A       36%         4
 Death Channel            Necr           7%         N/A       99%         6
 Ozocubu's Refrigeration  Ice            11%        4d10      100%        7
 Discord                  Hex            7%         N/A       100%        8
 Maxwell's Capacitive Co  Air            7%         ∞         100%        8


Dungeon Overview and Level Annotations

Branches:
Dungeon (11/15)            Temple (0/1) D:4            Lair (5/5) D:9
 Shoals (0/4) Lair:3        Snake (0/4) Lair:2        Slime (0/5) Lair:4
    Orc (0/2) D:9           Sewer (visited)

Altars:
Fedhas
Gozag
Hepliaklqana
Nemelex Xobeh
Ru
Trog
Wu Jian
Xom
Yredelemnul
Jiyva

Shops:
D:7 *

Annotations:
D:8 2 transporters
D:9 1 runed translucent door, Strewth's ghost, novice MiFi
Lair:1 2 transporters
Lair:3 2 transporters, exclusion: oklob plant, Gengi's ghost, journeyman DrSh


Innate Abilities, Weirdness & Mutations

You are mostly covered in thin metallic scales. (AC +3)
You sometimes gain power by taking damage.
You are partially covered in sharp spines.
Your touch may inflict irresistible damage on your foes.


Message History

The centaur warrior simulacrum melts!
The centaur warrior simulacrum is heavily damaged.
The centaur warrior simulacrum hits you.
The centaur warrior simulacrum freezes you!
The centaur warrior simulacrum kicks you.
The centaur warrior simulacrum freezes you!!
You focus on the pain.
You feel agile all of a sudden.
Casting: Foxfire (safe; 1% risk of failure)
Confirm with . or Enter, or press ? or * to list all spells.
You feel a surge of power!
Flames lash the centaur warrior simulacrum.
The centaur warrior simulacrum melts!
The centaur warrior simulacrum is almost destroyed.
The centaur warrior simulacrum's fire resistance burns away.
The foxfire hits the centaur warrior simulacrum but does no damage.
The centaur warrior simulacrum is almost destroyed.
The foxfire hits the centaur warrior simulacrum but does no damage.
The centaur warrior simulacrum is almost destroyed.
You block the centaur warrior simulacrum's attack.
The centaur warrior simulacrum kicks you but does no damage.
Casting: Scorch (safe; 1% risk of failure)
Confirm with . or Enter, or press ? or * to list all spells.
You feel a surge of power!
Flames lash the centaur warrior simulacrum.
The centaur warrior simulacrum melts!
The centaur warrior simulacrum is heavily damaged.
The centaur warrior simulacrum's fire resistance burns away.
The centaur warrior simulacrum hits you.
The centaur warrior simulacrum freezes you!!
You focus on the pain.
You feel very mighty all of a sudden.
The centaur warrior simulacrum kicks you.
The centaur warrior simulacrum freezes you!!
* * * LOW HITPOINT WARNING * * *
You focus on the pain.
You feel your power returning.
The centaur warrior simulacrum hits you.
* * * LOW HITPOINT WARNING * * *
The centaur warrior simulacrum freezes you!!
You die...

#.....#....#...## ..
#.....#.........###...
#.........#...........
#....##..###.........
###.##...###.......#
####..#.#........# .
##.#..........# ..
#.......§§....## .=.
......#..§@Z....#....
###.#.###..Z.........
###. ##...†....... .
#...†?....... .
#.............
................
#####...........
##...#.#....
#..........


You could see 2 centaur warrior simulacra.

Vanquished Creatures
  Snorg (Lair:4)
  5 hydras
  Erolcha (D:9)
  2 two-headed ogres
  4 death yaks
  3 skysharks
  A goliath frog (Lair:5)
  A lindwurm (Lair:5)
  A merfolk siren (Lair:3)
  22 elephants
  3 black mambas (Lair:5)
  2 torpor snails (Lair:5)
  28 cane toads
  A kobold demonologist (D:10)
  A rime drake (Lair:4)
  12 komodo dragons
  A polar bear (D:11)
  4 tyrant leeches
  A hornet (D:10)
  Grinder (D:6)
  23 blink frogs
  5 dream sheep (Lair:5)
  A wraith (D:9)
  61 yaks
  3 centaur simulacra (D:11)
  3 wyverns (Lair:4)
  Eustachio (D:5)
  A basilisk (Lair:5)
  Grum (D:9)
  5 steam dragons
  5 vampire mosquitoes
  3 nagas (Lair:2)
  An acid dragon (D:8)
  13 water moccasins
  4 orc warriors (D:9)
  3 ice beasts
  A black bear (Lair:2)
  A crocodile (Sewer)
  31 wolves
  2 centaurs
  A phantom (D:4)
  A kobold brigand (D:8)
  10 bullfrogs
  A scorpion (D:5)
  6 wights
  8 killer bees (D:10)
  A howler monkey (D:9)
  2 electric eels (D:6)
  A bombardier beetle (D:4)
  4 orc priests
  7 hounds
  2 jellies (D:6)
  A sleepcap (D:5)
  4 iguanas
  5 orc wizards
  4 gnolls (D:5)
  12 adders
  2 shadow imps (D:8)
  A howler monkey simulacrum (D:11)
  2 white imps (D:11)
  5 ufetubi
  3 dart slugs
  3 ribbon worms
  36 orcs
  8 ball pythons
  3 endoplasms
  8 giant cockroaches
  6 goblins
  4 hobgoblins
  11 jackals
  4 quokkas
  14 bats
  3 frilled lizards
  11 kobolds
  4 rats
  A spectral hobgoblin (D:1)
462 creatures vanquished.

Vanquished Creatures (collateral kills)
  44 foxfires
44 creatures vanquished.

Vanquished Creatures (others)
  1553 foxfires
1553 creatures vanquished.

Grand Total: 2059 creatures vanquished

Notes
Turn   | Place    | Note
-------+----------+-------------------------------------------
     0 | D:1      | oldriver the Demonspawn Fire Elementalist began the quest
                  | for the Orb.
     0 | D:1      | Reached XP level 1. HP: 13/13 MP: 3/3
    63 | D:1      | Found a faded altar of an unknown god.
   284 | D:1      | Gained mutation: You are partially covered in sharp spines.
                  | [demonic ancestry]
   284 | D:1      | Reached XP level 2. HP: 4/20 MP: 1/5
   671 | D:1      | Learned a level 2 spell: Scorch
  1280 | D:2      | Reached skill level 1 in Fighting
  1280 | D:2      | Reached XP level 3. HP: 21/26 MP: 2/6
  2413 | D:2      | Reached skill level 3 in Spellcasting
  2413 | D:2      | Gained mutation: You are partially covered in thin metallic
                  | scales. (AC +2) [demonic ancestry]
  2413 | D:2      | Reached XP level 4. HP: 32/32 MP: 3/8
  3590 | D:3      | Found a sacrificial altar of Ru.
  3839 | D:3      | Found a faded altar of an unknown god.
  3839 | D:3      | Found a hazy altar of Hepliaklqana.
  3839 | D:3      | Found a faded altar of an unknown god.
  4088 | D:4      | Reached XP level 5. HP: 37/38 MP: 2/10
  4108 | D:4      | Found a staircase to the Ecumenical Temple.
  4162 | D:4      | Noticed a phantom
  4205 | D:4      | Killed a phantom
  4206 | D:4      | Reached skill level 4 in Spellcasting
  4206 | D:4      | Gained mutation: You sometimes gain a little power by
                  | taking damage. [demonic ancestry]
  4206 | D:4      | Reached XP level 6. HP: 31/46 MP: 1/12
  4423 | D:4      | Found a glowing drain.
  4427 | Sewer    | Entered a sewer
  5112 | D:4      | Identified the +1 war axe "Haabio" {elec, rC+ Int+4}
  5325 | D:5      | Entered Level 5 of the Dungeon
  5400 | D:5      | Gained mutation: Your touch may inflict minor irresistible
                  | damage on your foes. [demonic ancestry]
  5400 | D:5      | Reached XP level 7. HP: 52/52 MP: 4/14
  5635 | D:5      | Noticed Eustachio
  5702 | D:5      | Killed Eustachio
  5703 | D:5      | Reached skill level 5 in Spellcasting
  6526 | D:5      | Reached XP level 8. HP: 55/60 MP: 8/16
  6836 | D:5      | Reached skill level 6 in Spellcasting
  6891 | D:5      | Learned a level 4 spell: Olgreb's Toxic Radiance
  7245 | D:6      | Reached skill level 5 in Fire Magic
  7319 | D:6      | Reached skill level 1 in Alchemy
  7553 | D:6      | Learned a level 4 spell: Flame Wave
  7571 | D:6      | Found an ornate altar of the Wu Jian Council.
  7633 | D:6      | Noticed Grinder
  7640 | D:6      | Killed Grinder
  7641 | D:6      | Reached skill level 7 in Spellcasting
  7641 | D:6      | Reached skill level 5 in Conjurations
  7692 | D:6      | Found a shimmering altar of Xom.
  8273 | D:7      | Reached skill level 5 in Fighting
  8273 | D:7      | Gained mutation: You are mostly covered in thin metallic
                  | scales. (AC +3) [demonic ancestry]
  8273 | D:7      | Reached XP level 9. HP: 37/68 MP: 7/19
  8395 | D:7      | Found a blossoming altar of Fedhas.
  8704 | D:7      | Found Deoqas's Assorted Antiques.
  8712 | D:7      | Bought a twisted zirconium amulet for 90 gold pieces
  8929 | D:7      | Found a bloodstained altar of Trog.
  8939 | D:7      | Found an opulent altar of Gozag.
  9477 | D:8      | Found a transporter.
  9497 | D:8      | Identified the +8 flail "Atenk" {flame, +Blink}
  9677 | D:8      | Reached skill level 8 in Spellcasting
 10467 | D:8      | Found a viscous altar of Jiyva.
 10518 | D:9      | Found a basalt altar of Yredelemnul.
 10553 | D:9      | Reached skill level 9 in Spellcasting
 10680 | D:9      | Noticed Grum
 10690 | D:9      | Reached XP level 10. HP: 76/77 MP: 16/23
 10711 | D:9      | Killed Grum
 10837 | D:9      | Found a runed translucent door.
 10855 | D:9      | Noticed Erolcha
 10862 | D:9      | Killed Erolcha
 10863 | D:9      | Reached skill level 5 in Alchemy
 10981 | D:9      | Found a staircase to the Lair.
 11028 | D:9      | Noticed a two-headed ogre
 11249 | D:9      | Killed a two-headed ogre
 11250 | D:9      | Reached skill level 10 in Spellcasting
 11737 | D:9      | Found a staircase to the Orcish Mines.
 12157 | D:9      | Found a shimmering altar of Xom.
 12157 | D:9      | Noticed Strewth's ghost (novice MiFi)
 12157 | D:9      | Noticed a +0 mace of chaos
 12187 | D:9      | Found a sparkling altar of Nemelex Xobeh.
 12247 | D:10     | Entered Level 10 of the Dungeon
 12785 | D:10     | Noticed a two-headed ogre
 12792 | D:10     | Killed a two-headed ogre
 12793 | D:10     | Reached skill level 11 in Spellcasting
 13145 | Lair:1   | Entered Level 1 of the Lair of Beasts
 13213 | Lair:1   | Gained mutation: You sometimes gain power by taking damage.
                  | [demonic ancestry]
 13213 | Lair:1   | Reached XP level 11. HP: 86/86 MP: 26/26
 13318 | Lair:1   | Noticed a death yak
 13318 | Lair:1   | Noticed a death yak
 14189 | Lair:1   | Noticed a death yak
 14210 | Lair:1   | Killed a death yak
 14211 | Lair:1   | Reached skill level 12 in Spellcasting
 14219 | Lair:1   | Killed a death yak
 14232 | Lair:1   | Killed a death yak
 14458 | Lair:1   | Found a transporter.
 14460 | Lair:1   | Found a transporter.
 14460 | Lair:1   | Noticed a boulder beetle
 15474 | Lair:2   | Learned a level 4 spell: Sticky Flame
 15496 | Lair:2   | Gained mutation: Your touch may inflict irresistible damage
                  | on your foes. [demonic ancestry]
 15496 | Lair:2   | Reached XP level 12. HP: 97/97 MP: 19/28
 15619 | Lair:2   | Reached skill level 13 in Spellcasting
 15724 | Lair:2   | Reached skill level 10 in Fighting
 16629 | Lair:2   | Found a staircase to the Snake Pit.
 17344 | Lair:3   | Found a staircase to the Shoals.
 17467 | Lair:3   | Reached skill level 14 in Spellcasting
 17841 | Lair:3   | Found a transporter.
 17843 | Lair:3   | Noticed a six-headed hydra
 17882 | Lair:3   | Noticed a boulder beetle
 17883 | Lair:3   | Noticed Gengi's ghost (journeyman DrSh)
 17884 | Lair:3   | Noticed a four-headed hydra
 18229 | Lair:3   | Found a transporter.
 18484 | Lair:3   | Noticed a death yak
 18803 | D:8      | Found a transporter.
 18804 | D:8      | Identified a scroll of acquirement
 18804 | D:8      | Acquired the ring "Wunah" {Fire rN+ Will+++ MP+9 Str-3}
 18910 | Lair:1   | Learned a level 6 spell: Bombard
 19034 | Lair:4   | Noticed a four-headed hydra
 19042 | Lair:4   | Killed a four-headed hydra
 19159 | Lair:4   | Noticed a five-headed hydra
 19167 | Lair:4   | Killed a five-headed hydra
 19168 | Lair:4   | Reached skill level 1 in Earth Magic
 19230 | Lair:4   | Reached XP level 13. HP: 102/106 MP: 31/31
 19552 | Lair:4   | Reached skill level 15 in Spellcasting
 19756 | Lair:4   | Noticed Snorg
 19772 | Lair:4   | Killed Snorg
 20118 | Lair:4   | Found a staircase to the Slime Pits.
 20119 | Lair:4   | Found a viscous altar of Jiyva.
 20610 | Lair:5   | Entered Level 5 of the Lair of Beasts
 20839 | Lair:5   | Reached skill level 5 in Earth Magic
 21758 | Lair:4   | Learned a level 5 spell: Lee's Rapid Deconstruction
 22679 | Lair:4   | Reached XP level 14. HP: 67/115 MP: 33/33
 25350 | D:11     | Mangled by a centaur warrior simulacrum

Illustrated notes

Levels and vault maps discovered:
D:1:      eino_arrival_cavern_d, layout_rooms,
          dreamdust_ecumenical_altar_drowned_temple, serial_corexii_hall,
          corexii_hall_statues_x, corexii_hall_statues_x,
          corexii_hall_statues_i, minmay_domino_4
D:2:      layout_loops_cross, nicolae_kite_square_tiling_tiny,
          grunt_ministairs_7, minmay_hedge_maze, nrook_uturn
D:3:      layout_loops_ring, nicolae_ru_the_path_less_chosen,
          nicolae_hepliaklqana_ecumenical_no_more
D:4:      layout_rooms, minmay_temple_entry_fiery,
          mainiacjoe_sewer_entry_somewhere_in_here_2
D:5:      layout_gridville, uniq_eustachio
D:6:      layout_rooms, lemuel_coloured_pillars_altar, lemuel_tele_altar,
          chequers_big_river, nicolae_concentric_dashed_squares_mild,
          uniq_grinder
D:7:      layout_cave_pools, kennysheep_mini_moat,
          nicolae_overflow_hidden_temple, minitemple, serial_shops,
          nicolae_diamond_shop
D:8:      gammafunk_jiyva_shrine, layout_cave_pools, tso_oasis_becter,
          serial_library_regret_index_double_sided
D:9:      layout_small_grid, mainiacjoe_overflow_six_doors_small,
          nemelex_xobeh_ov_fountains_minmay, mainiacjoe_overflow_brackets,
          lair_entry_dummy, david_orc_5, ebering_ghost_xom, uniq_grum,
          uniq_erolcha
D:10:     layout_loops_ring, hangedman_abyss_or_decor_lesser_grid,
          nrook_loot_triangle
D:11:     layout_cave_pools, serial_ice, serial_ice_f, serial_ice_e,
          serial_ice_k, serial_ice_a, serial_ice_o, serial_ice_d, serial_ice_g,
          serial_ice_h, serial_ice_b, serial_ice_c,
          nicolae_shop_overcharged_wands
Lair:1:   gammafunk_boulding_lane, layout_regular_city,
          chequers_serial_rivers_large_a, cheibrodos_lair_caveside_slide,
          roderic_batcave
Lair:2:   layout_loops_ring, nicolae_snake_entry_squirm
Lair:3:   layout_layer_cave, minmay_shoals_entry_lonely_mermaid, serial_forest,
          infiniplex_forest_straight_5, infiniplex_forest_straight_2,
          infiniplex_forest_corner_1, infiniplex_forest_end_3,
          infiniplex_forest_straight_3, infiniplex_forest_clump_curved,
          infiniplex_forest_straight_2, infiniplex_forest_clump_medium,
          infiniplex_forest_zigzag_2, nzn_ghost_randoct
Lair:4:   layout_concentric_octagons, dpeg_slime_entry_corner,
          beast_lair_carwin_1, uniq_snorg
Lair:5:   minmay_lair_end_frog_pond, layout_regular_city,
          grunt_forest_large_clearings, infiniplex_staircase_pool_2,
          lemuel_fruit_tree

Skill      XL: |  1  2  3  4  5  6  7  8  9 10 11 12 13 14 |
---------------+-------------------------------------------+-----
Fighting       | 1 2 3 5 6 8 9 11 12 | 12.1
Fire Magic     | 3 4 5 6 |  6.0
Spellcasting   | 3 4 5 7 9 11 12 14 15 | 15.0
Conjurations   | 2 3 4 5 6 9 |  9.0
Alchemy        | 2 4 5 7 |  7.0
Earth Magic    | 1 8 9 |  9.1
Dodging        | |  1.7
Stealth        | |  1.7

Action                     |  1- 3 |  4- 6 |  7- 9 | 10-12 | 13-15 || total
---------------------------+-------+-------+-------+-------+-------++-------
  Melee: Dagger            |    34 |       |       |       |       ||    34
         Unarmed           |     9 |       |       |       |       ||     9
         Punch             |     1 |     1 |       |     1 |       ||     3
         Staff             |       |    42 |     1 |     8 |     3 ||    54
         War axe           |       |     2 |    11 |       |       ||    13
         Touch             |       |       |     3 |     4 |       ||     7
   Cast: Foxfire           |   117 |   104 |   235 |   338 |   162 ||   956
         Scorch            |     7 |    21 |    49 |   147 |    91 ||   315
         Flame Wave        |       |       |     5 |     5 |    59 ||    69
         Olgreb's Toxic Ra |       |       |     5 |    72 |    29 ||   106
  Evoke: Wand              |       |       |       |     1 |       ||     1
    Use: Potion            |     1 |       |       |     1 |     3 ||     5
         Scroll            |       |    10 |     4 |    11 |     3 ||    28
 Armour: Robe              |    38 |    37 |    34 |       |       ||   109
         Steam dragon scal |       |       |    26 |    82 |   291 ||   399
  Dodge: Dodged            |    46 |    42 |    52 |    55 |   186 ||   381
  Block: Other             |       |       |     6 |    24 |    69 ||    99
         Reflection        |       |       |       |     1 |       ||     1

Table legend: (Time is in decaauts)
 A = Elapsed time spent in this place.
 B = Non-inter-level travel time spent in this place.
 C = Inter-level travel time spent in this place.
 D = Time resting spent in this place.
 E = Time spent auto-exploring this place.
 F = Levels seen in this place.
 G = Mean time per level.
                   A        B        C        D        E       F      G
               +--------+--------+--------+--------+--------+-----+--------+
         Total |  25504 |  24126 |   1378 |   5693 |  14685 |  17 | 1500.2 |
       Dungeon |  13323 |  12660 |    663 |   1994 |   8608 |  11 | 1211.2 |
          Lair |  11702 |  10988 |    714 |   3396 |   5966 |   5 | 2340.4 |
         Sewer |    479 |    479 |      0 |    303 |    110 |   1 |  479.0 |
               +--------+--------+--------+--------+--------+-----+--------+

Top non-repeatable levels by time:
  Lair:4: 4498 daAuts
  Lair:3: 2269 daAuts
  Lair:1: 2044 daAuts
     D:9: 1735 daAuts
  Lair:2: 1692 daAuts
     D:5: 1673 daAuts
     D:2: 1655 daAuts
     D:6: 1374 daAuts
     D:1: 1337 daAuts
     D:7: 1302 daAuts
  Lair:5: 1197 daAuts
    D:10: 1149 daAuts
     D:3: 1075 daAuts
     D:8: 1042 daAuts
     D:4: 817 daAuts
